 Dungeon Crawl Stone Soup version 0.21.1-1-g345015fe64 (webtiles) character file.

33 Gargoyl the Skirmisher (level 3, -9/31 HPs)
             Began as a Centaur Abyssal Knight on May 9, 2018.
             Was a Follower of Lugonu.
             Mangled by Sigmund
             ... wielding a +0 scythe
              (13 damage)
             ... on level 2 of the Dungeon.
             The game lasted 00:01:45 (1342 turns).

Gargoyl the Skirmisher (Centaur Abyssal Knight)     Turns: 1342, Time: 00:01:45

Health: -9/31      AC:  4    Str: 14    XL:     3   Next: 12%
Magic:  4/4        EV:  8    Int: 11    God:    Lugonu [*.....]
Gold:   72         SH:  3    Dex:  9    Spells: 2/2 levels left

rFire    . . .     SeeInvis .   a - +2 hand axe
rCold    . . .     Gourm    .   d - +0 buckler
rNeg     . . .     Faith    .   b - +0 leather armour
rPois    .         Spirit   .   (no helmet)
rElec    .         Reflect  .   (no cloak)
rCorr    .         Harm     .   (no gloves)
MR       .....                  (no barding)
Stlth    ..........             (no amulet)
HPRegen  0.00/turn              (no ring)
MPRegen  0.09/turn              (no ring)

@: very quick
A: large, hooves 3, deformed body, speed 2, [inhibited regeneration], tough skin
3
a: Depart the Abyss, Renounce Religion


You were on level 2 of the Dungeon.
You worshipped Lugonu.
Lugonu was aware of your devotion.
You were not hungry.

You visited 1 branch of the dungeon, and saw 2 of its levels.
You visited the Abyss 1 time.

You collected 72 gold pieces.

Inventory:

Hand Weapons
 a - a +2 hand axe (weapon)
Armour
 b - a +0 leather armour (worn)
 d - a +0 buckler (worn)
Jewellery
 e - a cursed amulet of inaccuracy {unknown}
Scrolls
 h - 2 scrolls of fear
 j - a scroll of remove curse {unknown}
 k - a scroll of blinking {unknown}
 l - a scroll of identify
Potions
 f - a potion of curing {unknown}
 g - a potion of agility {unknown}
Comestibles
 c - 3 rations
 i - 8 chunks of flesh


   Skills:
 + Level 3.5 Fighting
 + Level 2.1 Axes
 + Level 1.6 Armour
 + Level 1.0 Dodging
 + Level 2.2 Invocations


You had 2 spell levels left.
You didn't know any spells.

Dungeon Overview and Level Annotations

Branches:
Dungeon (2/15)

Altars:

Annotations:
D:2 Sigmund


Innate Abilities, Weirdness & Mutations

You have hooves in place of feet.
Armour fits poorly on your strangely shaped body.
You cover ground very quickly.
You have extremely tough skin. (AC +3)
[You do not regenerate when monsters are visible.]


Message History

Sigmund is lightly wounded.
Sigmund hits you with a scythe!
Your shield prevents you from hitting Sigmund.
You kick Sigmund.
Sigmund is moderately wounded.
Sigmund barely misses you.
Your shield prevents you from hitting Sigmund.
Sigmund is moderately wounded.
You hit Sigmund. Your kick misses Sigmund.
Sigmund is heavily wounded.
Sigmund hits you with a scythe!
You closely miss Sigmund.
Sigmund is heavily wounded.
Sigmund gestures wildly while chanting.
Sigmund flickers and vanishes!
Deactivating autopickup; reactivate with Ctrl-A.
You closely miss something. You kick something. Something hits you!
* * * LOW HITPOINT WARNING * * *
You closely miss something. Your kick misses something. Something hits you!
You die...

#############.....#.##.#
#... ....
.............#.##.#
#####... ####
########..####.##.#
.......< ###.##.## #..
...##.#< #...##..# ### #
## #.#.###.## #.#.# #..#
#########.#.# ##.##
........#†#.# #@.#
........#.#.# ##{#
........#.#.# .#
..........#.# ..
..........#.# #.#
########..#.# .. #..#.#
... #..#.# #.# #.#..#.#


There were no monsters in sight!

Vanquished Creatures
  A dart slug (D:1)
  2 leopard geckos
  4 bats (D:1)
  2 giant cockroaches
  2 goblins
  4 hobgoblins
  A quokka (D:2)
  A ball python (D:2)
  4 frilled lizards (D:2)
  3 kobolds
  5 rats (D:1)
29 creatures vanquished.

Notes
Turn   | Place    | Note
-------+----------+-------------------------------------------
     0 | Abyss:1  | Gargoyl the Centaur Abyssal Knight began the quest for the Orb.
     0 | Abyss:1  | Reached XP level 1. HP: 19/19 MP: 2/2
    22 | Abyss:1  | Found a corrupted altar of Lugonu.
    63 | Abyss:1  | Noticed a large abomination
    63 | Abyss:1  | Noticed a wretched star
    64 | D:1      | Escaped the Abyss
   222 | D:1      | Reached XP level 2. HP: 16/26 MP: 3/3
   410 | D:1      | Reached * piety under Lugonu
  1162 | D:2      | Reached XP level 3. HP: 27/31 MP: 4/4
  1224 | D:2      | Reached skill level 1 in Dodging
  1331 | D:2      | Noticed Sigmund
  1342 | D:2      | Mangled by Sigmund

Skill      XL: |  1  2  3 |
---------------+----------+-----
Axes           | 2 |  2.1
Dodging        | 1 |  1.0
Fighting       | |  3.5
Armour         | |  1.6
Invocations    | |  2.2

Action                   || total
-------------------------++-------
Melee: Hand axe          ||    62
       Kick              ||     8
Invok: Depart the Abyss  ||     1
  Use: Scroll            ||     3
Armor: Leather armour    ||    31
Dodge: Dodged            ||    34
Block: Buckler           ||    11
